 Dungeon Crawl Stone Soup version 0.18-b1-22-ge198996 (webtiles) character file.

348184 Ijustatesigmund the Brawler (level 21, -7/171 HPs)
             Began as a Troll Hunter on May 3, 2016.
             Was the Champion of Cheibriados.
             Killed from afar by a hellion (23 damage)
             ... with a damnation
             ... on level 5 of the Abyss on May 4, 2016.
             The game lasted 02:55:53 (38073 turns).

Ijustatesigmund the Brawler (Troll Hunter)         Turns: 38073, Time: 02:55:54

Health: -7/171     AC: 22    Str: 41      XL:     21   Next: 53%
Magic:  16/23      EV: 24    Int: 28 (30) God:    Cheibriados [******]
Gold:   2716       SH: 25    Dex: 28      Spells: 5 memorised, 14 levels left

rFire  . . .     SeeInvis +       - Unarmed
rCold  . . .     Gourm    +     V - +0 pearl dragon armour of Dooczef {rN+ rCorr SInv}
rNeg   + + +     Faith    .     r - +6 shield of Ceos {rElec rN++ Dex-5}
rPois  +         Spirit   .     u - +2 hat
rElec  +         Dismiss  .     a - +2 cloak {rPois}
rCorr  +         Reflect  +     (gloves unavailable)
SustAt .         Harm     .     (boots unavailable)
MR     +....     Rnd*Tele +     p - +4 amulet of reflection
Stlth  +.........               n - ring of wizardry
                                Q - ring of Oppolaol {rElec EV+5 Int+7}

@: repel missiles, very slow, somewhat resistant to hostile enchantments, very
unstealthy
A: unfitting armour, claws 3, agile 1, blurry vision 3, deterioration 2, fast
metabolism 3, frail 2, gourmand, low mp 2, regeneration 2, shaggy fur 1,
teleportitis 2, tough skin 2
a: Bend Time, Temporal Distortion, Slouch, Step From Time, Renounce Religion
}: 1/15 runes: serpentine


You were on level 5 of the Abyss.
You worshipped Cheibriados.
Cheibriados was exalted by your worship.
You were full.

You visited 8 branches of the dungeon, and saw 36 of its levels.
You visited the Abyss 2 times.
You also visited: Labyrinth, Bailey and Ice Cave.

You collected 3950 gold pieces.
You spent 1234 gold pieces at shops.

Inventory:

Missiles
 c - 27 large rocks (quivered)
 H - a throwing net
 T - 8 poisoned javelins
Armour
 a - a +2 cloak of poison resistance (worn)
 i - the +3 shield of Alausena {rF+ Slay+2}
   (You took it off Asterion on level 4 of the Snake Pit)

   It affects your accuracy and damage with ranged weapons and melee attacks
   (+2).
   It protects you from fire.
 r - the +6 shield of Ceos (worn) {rElec rN++ Dex-5}
   (You bought it in a shop on level 3 of the Vaults)

   It affects your dexterity (-5).
   It insulates you from electricity.
   It greatly protects you from negative energy.
 u - a +2 hat (worn)
 V - the +0 pearl dragon armour of Dooczef (worn) {rN+ rCorr SInv}
   (You found it in a labyrinth)

   It protects you from negative energy.
   It lets you see invisible.
   It protects you from acid and corrosion.
Jewellery
 e - the ring of Reimbursement {rPois rN+ MR+ Dex+4, unknown}
   (You took it off a vampire knight on level 3 of the Crypt)

   [ring of positive energy]

   It affects your dexterity (+4).
   It protects you from poison.
   It protects you from negative energy.
   It affects your resistance to hostile enchantments.
 n - a ring of wizardry (right claw)
 p - a +4 amulet of reflection (around neck)
 q - an uncursed amulet of dismissal {unknown}
 w - an uncursed ring of flight {unknown}
 A - an uncursed ring of see invisible
 Q - the ring of Oppolaol (left claw) {rElec EV+5 Int+7}
   (You found it in a labyrinth)

   [ring of evasion]

   It affects your evasion (+5).
   It affects your intelligence (+7).
   It insulates you from electricity.
Wands
 k - a wand of iceblast (10/15)
 t - a wand of digging (16/24)
 z - a wand of disintegration (11/24)
 B - a wand of teleportation (3/9)
 M - a wand of heal wounds (7/9)
 U - a wand of lightning (6/15)
 W - a wand of acid (10/15)
 X - a wand of teleportation (9/9)
Scrolls
 b - 9 scrolls of recharging
 d - 9 scrolls of identify
 s - 2 scrolls of amnesia
 v - 2 scrolls of immolation
 x - 10 scrolls of remove curse
 D - 3 scrolls of fear
 F - a scroll of magic mapping
 O - 5 scrolls of blinking
 S - 5 scrolls of enchant armour
 Y - a scroll of teleportation
 Z - a scroll of silence
Potions
 g - a potion of magic
 l - 15 potions of curing
 m - 9 potions of brilliance
 o - 8 potions of mutation
 G - 2 potions of flight
 K - 4 potions of heal wounds
 L - 2 potions of might
 N - 6 potions of cure mutation
 P - 5 potions of agility
 R - a potion of invisibility
Books
 j - a book of Maledictions

   Spells                             Type                      Level
   a - Corona                         Hexes                        1
   b - Ensorcelled Hibernation        Hexes/Ice                    2
   c - Confuse                        Hexes                        3
   d - Tukima's Dance                 Hexes                        3
   e - Dazzling Spray                 Conjuration/Hexes            3
 y - a book of Transfigurations

   Spells                             Type                      Level
   a - Irradiate                      Conjuration/Transmutation    5
   b - Statue Form                    Transmutation/Earth          6
   c - Hydra Form                     Transmutation                6
   d - Dragon Form                    Transmutation                7
 I - a Fen Folio

   Spells                             Type                      Level
   a - Corpse Rot                     Necromancy                   2
   b - Stone Arrow                    Conjuration/Earth            3
   c - Leda's Liquefaction            Hexes/Earth                  4
   d - Summon Forest                  Summoning/Translocation      5
   e - Hydra Form                     Transmutation                6
   f - Summon Hydra                   Summoning                    7
Miscellaneous
 J - a disc of storms
Comestibles
 f - 21 bread rations
 h - 16 meat rations
 C - 16 fruits
 E - 5 slices of pizza


   Skills:
 + Level 14.1 Fighting
 + Level 12.6 Throwing
 - Level 10.0 Armour
 - Level 10.0 Dodging
 - Level 4.3 Stealth
 + Level 10.5 Shields
 + Level 18.9 Unarmed Combat
 - Level 3.0 Spellcasting
 - Level 2.1 Conjurations
 - Level 4.0 Hexes
 - Level 2.0 Charms
 - Level 3.4 Translocations
 - Level 4.1 Ice Magic
 - Level 2.1 Air Magic
 - Level 2.2 Poison Magic
 - Level 13.0 Invocations


You had 14 spell levels left.
You knew the following spells:

 Your Spells              Type           Power        Failure   Level  Hunger
a - Blink                 Tloc           N/A          2%          2    #......
b - Repel Missiles        Chrm/Air       ###...       4%          2    #......
c - Mephitic Cloud        Conj/Pois/Air  ###.....     9%          3    ###....
d - Conjure Flame         Conj/Fire      ##......     12%         3    ###....
e - Ensorcelled Hibernat  Hex/Ice        ####..       1%          2    #......


Dungeon Overview and Level Annotations

Branches:
Dungeon (14/15)            Temple (1/1) D:5            Lair (8/8) D:9
  Swamp (0/4) Lair:6        Snake (4/4) Lair:3        Slime (0/6) Lair:8
    Orc (2/2) D:9             Elf (1/3) Orc:2        Vaults (3/5) D:14
  Crypt (3/3) Vaults:2       Tomb (0/3) Crypt:3

Altars:
Ashenzari
Cheibriados
Dithmenos
Elyvilon
Fedhas
Gozag
Kikubaaqudgha
Makhleb
Nemelex Xobeh
Okawaru
Pakellas
Qazlal
Ru
Sif Muna
Trog
Vehumet
Xom
Yredelemnul
Zin
The Shining One
Beogh
Jiyva

Shops:
Orc:2 *[=   Snake:4 [   Vaults:2 [   Vaults:3 [*(}

Annotations:
Crypt:3 Xtahua


Innate Abilities, Weirdness & Mutations

You are too large for most types of armour.
You have claws for hands.
Your metabolism is lightning-fast.
You like to eat raw meat.
You heal very quickly.
You are covered in fur (AC +1).
You have very tough skin (AC +2).
You are agile. (Dex +2)
[Scrolls take you much longer to read.]
[Your body often deteriorates upon taking damage.]
[You are very frail (-20% HP).]
[Your magical capacity is very low (-20% MP).]
[You are sometimes teleported next to monsters.]


Message History

You can feel time thicken for a moment.
You feel somewhat less full. The balrug gestures at you.
The fireball explodes!
The fireball engulfs you!
* * * LOW HITPOINT WARNING * * *
Your body deteriorates!
You feel dopey.
The fireball engulfs the red devil.
The red devil completely resists.
The fireball engulfs the balrug.
The balrug completely resists.
The red devil hops backward while attacking.
You block the red devil's attack.
You hear a bellow!
Read which item? (? for menu, Esc to quit)
Really read with blurry vision while enemies are nearby?
Okay, then.
Casting: Repel Missiles
Confirm with . or Enter, or press ? or * to list all spells.
You blink.
A hellion and a large abomination come into view.
The hellion gestures at you.
The damnation unfurls!
The damnation engulfs you!
You die...

####. ###..#.. ###
...X.... # ..
....... .. #...
.....ยง. #.. ## .
....# #.##. #
##...##
#..#.##.#@....#.
#...##.........
#.............
.#.#.#...#.........
.......2.##...2.#..
.#.#.#.#..##...## .
.#4..#.# ....#
.#.#.# ## .####
#.#.. ..


You could see a balrug, a large abomination, a hellion and a red devil.

Vanquished Creatures
  Sojobo (Vaults:2)
  Margery (Vaults:2)
  Saint Roka (Crypt:3)
  Jory (Crypt:2)
  A profane servitor (Crypt:3)
  2 bone dragons
  A lich (Crypt:3)
  Asterion (Snake:4)
  An Executioner (Abyss:3)
  Gastronok (Lair:1)
  A tentacled starspawn (Abyss:3)
  10 ancient champions
  Agnes (Snake:3)
  2 tengu reavers (Vaults:2)
  6 greater nagas
  Roxanne (Snake:3)
  2 revenants (Crypt:3)
  A ghost moth (Abyss:5)
  Maud (D:13)
  2 frost giants
  Donald (Crypt:2)
  9 vault wardens
  2 orc warlords
  13 ghouls
  Aizul (Snake:1)
  A curse skull (Crypt:1)
  9 ironheart preservers
  3 very ugly things
  3 stone giants
  A deep elf demonologist (Vaults:2)
  6 vampire knights
  A dire elephant (shapeshifter) (D:13)
  3 deep elf annihilators
  Snorg (D:13)
  2 fire dragons
  A deep elf death mage (Crypt:3)
  4 eidola
  A minotaur (Lab)
  An ettin (Vaults:3)
  3 vault guards
  7 jiangshi
  Fannar (D:10)
  Josephine (D:11)
  3 great orbs of eyes
  3 yaktaur captains
  11 hydras
  24 naga warriors
  A catoblepas (Lair:5)
  2 rakshasas
  22 anacondas
  10 centaur warriors
  A ghost crab (shapeshifter) (Vaults:1)
  A queen ant (Lair:3)
  15 death yaks
  A tengu warrior (D:14)
  A death knight (D:13)
  A deep troll shaman (Crypt:1)
  6 vampire magi
  9 thrashing horrors
  5 ogre magi
  An iron giant zombie (Crypt:3)
  2 orc high priests
  25 naga sharpshooters
  A soul eater (Crypt:2)
  The ghost of Zhenya25pyc the Basher, a novice GrFi of Okawaru (D:10)
  8 shock serpents
  2 deep elf knights (Vaults:2)
  3 fire crabs
  2 hell knights (Vaults:2)
  6 wretched stars
  2 wizards
  The ghost of feelmyfire the Basher, a novice MiFi of Okawaru (D:7)
  2 shadow wraiths
  2 titan skeletons
  The ghost of mothership the Markscentaur, a novice CeHu of Trog (D:11)
  2 spatial maelstroms
  An anaconda zombie (Crypt:1)
  3 salamander mystics
  A storm dragon skeleton (Crypt:1)
  2 sea snakes (Snake:4)
  A flayed ghost (Crypt:3)
  4 deep trolls (Vaults:1)
  23 skeletal warriors
  A giant orange brain (Vaults:1)
  A giant orange brain (shapeshifter) (D:13)
  Pikel (D:5)
  9 naga ritualists
  An unseen horror (D:12)
  A swamp dragon (shapeshifter) (Vaults:3)
  A deep elf archer (Orc:2)
  3 swamp dragons (Snake:3)
  6 hill giants
  5 phantasmal warriors
  4 ironbrand convokers
  6 harpies
  5 necromancers
  3 wolf spiders
  14 orc knights
  22 ugly things
  6 orc sorcerers
  13 deep elf magi
  A hornet (Vaults:3)
  A shadow dragon skeleton (Crypt:2)
  5 griffons
  A worldbinder (Abyss:3)
  A frost giant zombie (Crypt:3)
  6 mana vipers
  5 cyclopes
  An iron dragon skeleton (Crypt:1)
  10 elephants
  9 salamanders
  15 guardian serpents
  2 ice statues
  A guardian serpent (shapeshifter) (Vaults:2)
  A spectral iron troll (Crypt:1)
  17 naga magi
  48 black mambas
  A stone giant skeleton (Crypt:1)
  7 vault sentinels
  A smoke demon (Abyss:5)
  A torpor snail (Lair:7)
  A hellion (Abyss:5)
  A pale draconian zombie (Crypt:2)
  6 rime drakes
  11 spiny frogs
  A swamp worm zombie (Crypt:3)
  11 komodo dragons
  An elephant slug zombie (Crypt:3)
  9 yaktaurs
  A kobold demonologist (D:10)
  An ancient zyme (Abyss:5)
  6 freezing wraiths
  3 spectral deep trolls (Crypt:1)
  12 polar bears (IceCv)
  A troll (shapeshifter) (Vaults:2)
  12 trolls
  A catoblepas skeleton (Crypt:3)
  Grinder (D:3)
  3 boulder beetles
  15 two-headed ogres
  A harpy skeleton (Crypt:3)
  A slime creature (Snake:3)
  A shadow dragon simulacrum (Crypt:1)
  An ettin zombie (Crypt:1)
  7 raiju
  2 bog bodies (Crypt:3)
  A griffon zombie (Crypt:1)
  9 blink frogs
  4 shadows
  10 wraiths
  Sigmund (D:2)
  12 wyverns
  5 vampires
  5 large abominations
  A human (shapeshifter) (D:13)
  75 yaks
  A hog (D:7)
  A human (D:7)
  13 hippogriffs
  8 basilisks
  Eustachio (D:5)
  2 steam dragons (Lair:8)
  20 vampire mosquitoes
  A wind drake skeleton (Crypt:3)
  6 wargs
  Grum (D:9)
  2 hungry ghosts
  Menkaure (D:4)
  2 mottled dragons
  A yaktaur simulacrum (Vaults:1)
  76 nagas
  20 soldier ants (Lair:3)
  22 water moccasins
  3 spatial vortices
  A swamp worm (Snake:3)
  A deep troll skeleton (Crypt:2)
  13 porcupines
  2 black bears (shapeshifter)
  5 swamp drakes
  3 ice beasts
  57 orc warriors
  4 wasps
  4 sky beasts
  7 necrophages
  28 ogres
  3 black bears
  An eye of draining (D:14)
  A spiny frog skeleton (Crypt:3)
  18 starcursed masses
  33 wolves
  4 boggarts (Vaults:3)
  2 phantoms (D:5)
  33 centaurs
  20 crocodiles
  The ghost of Zhenya25pyc the Skirmisher, an amateur GrFi (D:3)
  A big kobold (D:14)
  Blork the orc (D:5)
  An elf zombie (Crypt:1)
  A dryad zombie (Crypt:1)
  A giant frog (shapeshifter) (Vaults:3)
  2 small abominations (Abyss:3)
  A glowing shapeshifter simulacrum (Vaults:1)
  24 giant frogs
  A cyclops zombie (Crypt:2)
  A wyvern skeleton (D:9)
  2 scorpions
  A spriggan zombie (Crypt:1)
  A manticore simulacrum (Crypt:1)
  31 killer bees
  24 wights
  3 howler monkeys
  An electric eel (Lair:5)
  2 lava snakes (Lair:5)
  4 centaur zombies
  9 crimson imps
  3 giant frog zombies
  2 quasits
  Crazy Yiuf (D:5)
  7 hounds
  6 jellies
  21 orc priests
  20 orc wizards
  6 centaur skeletons
  2 giant frog skeletons
  13 iguanas
  35 worker ants
  2 killer bee zombies
  18 sheep
  A mottled dragon skeleton (Crypt:1)
  A hound zombie (D:5)
  A hound skeleton (D:8)
  A hell rat zombie (Crypt:2)
  24 adders
  A gnoll (Bailey)
  74 river rats
  3 shadow imps
  A white imp (Abyss:3)
  An ooze (D:3)
  An adder zombie (D:6)
  A lava snake zombie (Crypt:2)
  2 adder skeletons
  3 worms
  4 dart slugs
  3 giant geckos
  98 orcs
  22 bats
  2 giant cockroaches
  14 goblins
  8 hobgoblins
  16 jackals
  6 quokkas
  A ball python (D:1)
  A giant cockroach zombie (D:5)
  A giant gecko skeleton (D:5)
  5 giant newts
  A hobgoblin skeleton (Crypt:3)
  24 kobolds
  A kobold skeleton (Crypt:2)
  A quokka zombie (Crypt:2)
  11 rats
  A rat skeleton (Crypt:1)
  A river rat zombie (Crypt:3)
  A bush (Lair:7)
  3 fungi
  2 plants (Lair:8)
  A starspawn tentacle (Abyss:3)
1807 creatures vanquished.

Vanquished Creatures (others)
  A yaktaur captain (Vaults:3)
  A centaur warrior (D:14)
  3 naga sharpshooters
  A deep elf knight (Vaults:2)
  A shadow wraith (Vaults:2)
  2 yaktaurs
  A naga (Snake:4)
  3 slaves (D:5)
  2 centaurs
  A boggart (Vaults:3)
  A centaur skeleton (D:5)
  An orc wizard (D:5)
  A worker ant (D:5)
  2 orcs
  9 kobolds
  36 fungi
  2 lost souls
  A lurking horror (Abyss:5)
  37 plants
  A starspawn tentacle (Abyss:3)
  A starspawn tentacle segment (Abyss:3)
108 creatures vanquished.

Grand Total: 1915 creatures vanquished

Notes
Turn   | Place    | Note
--------------------------------------------------------------
     0 | D:1      | Ijustatesigmund the Troll Hunter began the quest for the Orb.
     0 | D:1      | Reached XP level 1. HP: 19/19 MP: 0/0
   150 | D:1      | Reached skill level 1 in Unarmed Combat
   327 | D:1      | Reached XP level 2. HP: 26/28 MP: 1/1
   505 | D:1      | Reached skill level 2 in Unarmed Combat
   836 | D:2      | Reached XP level 3. HP: 33/35 MP: 2/2
  1079 | D:2      | Noticed Sigmund
  1225 | D:3      | Reached skill level 3 in Unarmed Combat
  1230 | D:3      | Reached XP level 4. HP: 36/42 MP: 3/3
  1320 | D:3      | Noticed Grinder
  1328 | D:3      | Killed Grinder
  1328 | D:3      | Reached skill level 4 in Unarmed Combat
  1328 | D:3      | Reached XP level 5. HP: 39/53 MP: 4/4
  1328 | D:3      | Reached XP level 6. HP: 45/61 MP: 5/5
  1564 | D:3      | Found a sparkling altar of Nemelex Xobeh.
  1600 | D:3      | Reached skill level 5 in Unarmed Combat
  1608 | D:3      | Noticed Zhenya25pyc's ghost (amateur GrFi)
  1732 | D:2      | Killed Sigmund
  2574 | D:4      | Noticed Menkaure
  2583 | D:4      | Reached skill level 6 in Unarmed Combat
  2583 | D:4      | Reached XP level 7. HP: 60/68 MP: 6/6
  2623 | D:4      | Killed Menkaure
  2843 | D:4      | Reached skill level 7 in Unarmed Combat
  2887 | D:4      | Found a sacrificial altar of Ru.
  3155 | D:4      | Reached XP level 8. HP: 79/79 MP: 7/7
  3366 | D:5      | Entered Level 5 of the Dungeon
  3386 | D:5      | Reached skill level 8 in Unarmed Combat
  3423 | D:5      | Found a staircase to the Ecumenical Temple.
  3436 | Temple   | Entered the Ecumenical Temple
  3539 | Temple   | Became a worshipper of Cheibriados the Contemplative
  3706 | D:5      | Noticed Pikel
  3736 | D:5      | Killed Pikel
  3736 | D:5      | Reached skill level 5 in Fighting
  3736 | D:5      | Reached skill level 9 in Unarmed Combat
  3936 | D:5      | Noticed Blork the orc
  3948 | D:5      | Killed Blork the orc
  4017 | D:5      | Reached XP level 9. HP: 86/89 MP: 8/8
  4287 | D:5      | Noticed Crazy Yiuf
  4298 | D:5      | Killed Crazy Yiuf
  4370 | D:5      | Noticed Eustachio
  4373 | D:5      | Killed Eustachio
  4512 | D:5      | Reached skill level 10 in Unarmed Combat
  4546 | D:3      | Killed Zhenya25pyc's ghost
  5056 | D:6      | Found a shimmering altar of Xom.
  5066 | D:6      | Reached * piety under Cheibriados
  5492 | D:6      | Reached skill level 1 in Invocations
  5615 | D:6      | Learned a level 2 spell: Blink
  5618 | D:6      | Learned a level 2 spell: Repel Missiles
  6132 | D:7      | Reached ** piety under Cheibriados
  6258 | D:7      | Reached skill level 1 in Translocations
  6258 | D:7      | Reached skill level 1 in Air Magic
  6262 | D:7      | Reached skill level 1 in Charms
  6277 | D:7      | Reached skill level 11 in Unarmed Combat
  6277 | D:7      | Reached XP level 10. HP: 56/100 MP: 10/10
  6377 | D:7      | Noticed feelmyfire's ghost (novice MiFi)
  6761 | D:7      | Reached *** piety under Cheibriados
  6820 | D:7      | Found a basalt altar of Yredelemnul.
  6820 | D:7      | Found an iron altar of Okawaru.
  7249 | D:7      | Killed feelmyfire's ghost
  7286 | D:7      | Found a blossoming altar of Fedhas.
  7364 | D:7      | Found a glowing silver altar of Zin.
  7590 | D:8      | Reached **** piety under Cheibriados
  8150 | D:8      | Reached skill level 12 in Unarmed Combat
  8214 | D:9      | Learned a level 3 spell: Mephitic Cloud
  8248 | D:9      | Reached ***** piety under Cheibriados
  8400 | D:9      | Found a sparkling altar of Nemelex Xobeh.
  8450 | D:9      | Found a staircase to the Orcish Mines.
  8457 | D:9      | Noticed a hill giant
  8616 | D:9      | Reached skill level 1 in Poison Magic
  8616 | D:9      | Reached XP level 11. HP: 84/109 MP: 13/13
  8791 | D:9      | Noticed Grum
  8801 | D:9      | Killed Grum
  8904 | D:9      | Found a roughly hewn altar of Beogh.
  9042 | D:9      | Reached skill level 1 in Conjurations
  9238 | D:9      | Killed a hill giant
  9267 | D:9      | Found a staircase to the Lair.
  9507 | D:10     | Entered Level 10 of the Dungeon
  9529 | D:10     | Noticed Zhenya25pyc's ghost (novice GrFi)
  9544 | D:10     | Killed Zhenya25pyc's ghost
  9569 | D:10     | Reached ****** piety under Cheibriados
  9970 | D:10     | Noticed Fannar
  9982 | D:10     | Killed Fannar
  9982 | D:10     | Reached skill level 5 in Invocations
 10498 | D:11     | Noticed mothership's ghost (novice CeHu)
 10504 | D:11     | Killed mothership's ghost
 10514 | D:11     | Noticed a hill giant
 10632 | D:11     | Noticed Josephine
 10649 | D:11     | Reached XP level 12. HP: 105/120 MP: 12/15
 10655 | D:11     | Reached skill level 13 in Unarmed Combat
 10670 | D:11     | Killed Josephine
 10728 | D:11     | Reached skill level 5 in Throwing
 10832 | D:11     | Found a frozen archway.
 10839 | IceCv    | Entered an ice cave
 10881 | IceCv    | Learned a level 3 spell: Conjure Flame
 11275 | IceCv    | Reached skill level 5 in Dodging
 11311 | IceCv    | Reached skill level 1 in Shields
 11336 | IceCv    | Noticed a frost giant
 11485 | IceCv    | Killed a frost giant
 11485 | IceCv    | Reached skill level 14 in Unarmed Combat
 12260 | D:12     | Reached XP level 13. HP: 123/131 MP: 13/16
 13039 | Lair:1   | Entered Level 1 of the Lair of Beasts
 13130 | Lair:1   | Noticed Gastronok
 13144 | Lair:1   | Killed Gastronok
 13335 | Lair:1   | Gained mutation: You are agile. (Dex +2) [potion of beneficial mutation]
 13920 | Lair:2   | Reached skill level 5 in Shields
 15385 | Lair:3   | Found a staircase to the Snake Pit.
 15576 | Lair:4   | Reached skill level 1 in Spellcasting
 15576 | Lair:4   | Reached XP level 14. HP: 120/140 MP: 14/17
 16283 | Lair:5   | You fall through a shaft for 3 floors!
 16283 | Lair:8   | Entered Level 8 of the Lair of Beasts
 16747 | Lair:8   | Found a staircase to the Slime Pits.
 16747 | Lair:8   | Found a viscous altar of Jiyva.
 16819 | Lair:8   | Reached skill level 15 in Unarmed Combat
 16977 | Lair:8   | Reached skill level 10 in Fighting
 17112 | Lair:7   | Found a labyrinth entrance.
 17144 | Lab      | Entered a labyrinth
 17693 | Lab      | Got a bound marble ring
 17693 | Lab      | Got a flickering bone ring
 17698 | Lab      | Identified the ring of Oppolaol {rElec EV+5 Int+7} (You found it in a labyrinth)
 17700 | Lab      | Identified the ring of Dim Light {*Tele *Contam rF+ Dex+3 Stlth+} (You found it in a labyrinth)
 17706 | Lab      | Got a distressingly furry pearl dragon armour
 17721 | Lab      | Identified the +0 pearl dragon armour of Dooczef {rN+ rCorr SInv} (You found it in a labyrinth)
 18122 | Lair:6   | Found a staircase to the Swamp.
 18509 | Lair:5   | Reached skill level 1 in Armour
 18597 | Lair:5   | Identified a +0 rod of shadows (11/11) (You found it on level 9 of the Dungeon)
 19370 | Lair:7   | Reached XP level 15. HP: 150/150 MP: 20/20
 19465 | Lair:7   | Reached skill level 5 in Armour
 21139 | Orc:1    | Entered Level 1 of the Orcish Mines
 21217 | Orc:2    | Entered Level 2 of the Orcish Mines
 21239 | Orc:2    | Paralysed by an orc sorcerer for 4 turns
 21244 | Orc:2    | Found a staircase to the Elven Halls.
 21246 | Orc:2    | Paralysed by an orc sorcerer for 2 turns
 21249 | Orc:2    | Paralysed by an orc sorcerer for 2 turns
 21251 | Elf:1    | Entered Level 1 of the Elven Halls
 21600 | Orc:1    | Noticed an orc warlord
 21611 | Orc:1    | Killed an orc warlord
 22410 | Orc:2    | Found Woetsisch's Distillery.
 22410 | Orc:2    | Found Hetazih's Antique Armour Emporium.
 22412 | Orc:2    | Found Karchemivo's Assorted Antiques.
 22414 | Orc:2    | Found Zudyratu's Jewellery Boutique.
 22420 | Orc:2    | Bought a scroll labeled MEILLYO UCOUHO for 34 gold pieces
 22425 | Orc:2    | Bought a +4 amulet of reflection for 275 gold pieces
 22750 | Snake:1  | Entered Level 1 of the Snake Pit
 22821 | Snake:1  | Noticed Aizul
 22833 | Snake:1  | Killed Aizul
 23065 | Snake:1  | Reached XP level 16. HP: 131/159 MP: 14/21
 23451 | Snake:2  | Reached skill level 1 in Stealth
 24561 | Snake:3  | Noticed Roxanne
 24841 | Snake:3  | Noticed Agnes
 24851 | Snake:3  | Killed Agnes
 25429 | Snake:3  | Reached XP level 17. HP: 169/169 MP: 22/22
 25457 | Snake:3  | Killed Roxanne
 25682 | Snake:4  | Entered Level 4 of the Snake Pit
 25691 | Snake:4  | Reached skill level 16 in Unarmed Combat
 25712 | Snake:4  | Noticed Asterion
 25723 | Snake:4  | Killed Asterion
 25800 | Snake:4  | Got a spiked shield
 25811 | Snake:4  | Identified the +3 shield of Alausena {rF+ Slay+2} (You took it off Asterion on level 4 of the Snake Pit)
 26517 | Snake:4  | Found Gijuig's Armour Shoppe.
 26677 | Snake:4  | Reached skill level 10 in Invocations
 27292 | Snake:4  | Reached XP level 18. HP: 167/179 MP: 13/25
 27373 | Snake:4  | Got a serpentine rune of Zot
 27439 | Snake:4  | Cast into level 3 of the Abyss (salamander mystic)
 27555 | Abyss:3  | Noticed a bone dragon
 27613 | Abyss:3  | Killed a bone dragon
 27677 | Abyss:3  | Found a corrupted altar of Lugonu.
 27762 | Abyss:3  | Paralysed by accursed screaming for 2 turns
 27770 | Abyss:3  | Paralysed by accursed screaming for 2 turns
 27886 | Snake:4  | Escaped the Abyss
 28316 | D:13     | Found a flagged portal.
 28322 | Bailey   | Entered a bailey
 28369 | Bailey   | Found a runed gate.
 28369 | Bailey   | Found a runed gate.
 28369 | Bailey   | Found a runed gate.
 28613 | D:13     | Learned a level 2 spell: Ensorcelled Hibernation
 28734 | D:13     | Got a shimmering robe
 28752 | D:12     | Identified the +1 robe of Joluskic {rPois rF+ Regen+ Str-5} (You found it on level 13 of the Dungeon)
 28866 | D:13     | Noticed Snorg
 28875 | D:13     | Killed Snorg
 28912 | D:13     | Noticed Maud
 28926 | D:13     | Killed Maud
 29770 | D:14     | Found a gate to the Vaults.
 30517 | Vaults:1 | Entered Level 1 of the Vaults
 30529 | Vaults:1 | Reached skill level 10 in Dodging
 30541 | Vaults:1 | Reached skill level 1 in Hexes
 30765 | Vaults:1 | Reached skill level 10 in Armour
 30765 | Vaults:1 | Reached skill level 1 in Ice Magic
 31202 | Vaults:1 | Reached XP level 19. HP: 189/189 MP: 27/27
 31970 | Vaults:2 | Noticed a bone dragon
 31981 | Vaults:2 | Killed a bone dragon
 31981 | Vaults:2 | Reached skill level 17 in Unarmed Combat
 32026 | Vaults:2 | Noticed Margery
 32035 | Vaults:2 | Killed Margery
 32056 | Vaults:2 | Noticed Sojobo
 32101 | Vaults:2 | Killed Sojobo
 32475 | Vaults:2 | Found a staircase to the Crypt.
 32790 | Vaults:2 | Reached skill level 10 in Throwing
 32898 | Vaults:2 | Found Pumial's Antique Armour Shop.
 33218 | Vaults:2 | Paralysed by a great orb of eyes for 6 turns
 34298 | Vaults:3 | Reached XP level 20. HP: 200/201 MP: 28/28
 34321 | Vaults:3 | Found Ypnuwib's Antique Armour Shop.
 34480 | Vaults:3 | Found Xuproukk's Antique Weapon Boutique.
 34535 | Vaults:3 | Found Hijetiepn's Gadget Emporium.
 34541 | Vaults:3 | Bought a wand of heal wounds (2/9) for 432 gold pieces
 34673 | Vaults:3 | Paralysed by a great orb of eyes for 6 turns
 34710 | Vaults:3 | Paralysed by a wizard for 7 turns
 35104 | Vaults:3 | Found Celixtoi's Assorted Antiques.
 35140 | Vaults:3 | Bought a spiked shield for 323 gold pieces
 35140 | Vaults:3 | Bought a ruby ring for 170 gold pieces
 35150 | Vaults:3 | Identified the +6 shield of Ceos {rElec rN++ Dex-5} (You bought it in a shop on level 3 of the Vaults)
 35288 | Crypt:1  | Entered Level 1 of the Crypt
 35699 | Crypt:1  | Reached skill level 18 in Unarmed Combat
 36529 | Crypt:2  | Noticed Donald
 36536 | Crypt:2  | Killed Donald
 36693 | Crypt:2  | Noticed Jory
 36721 | Crypt:2  | Killed Jory
 37056 | Crypt:3  | Entered Level 3 of the Crypt
 37056 | Crypt:3  | Found a staircase to the Tomb.
 37168 | Crypt:3  | Noticed Saint Roka
 37179 | Crypt:3  | Killed Saint Roka
 37418 | Crypt:3  | Reached XP level 21. HP: 162/211 MP: 29/29
 37484 | Crypt:3  | Reached skill level 10 in Shields
 37634 | Crypt:3  | Got a brightly glowing lead ring
 37780 | Crypt:3  | Found an ancient bone altar of Kikubaaqudgha.
 37780 | Crypt:3  | Noticed a profane servitor
 37790 | Crypt:3  | Noticed an ancient lich
 37793 | Crypt:3  | Noticed Xtahua
 37799 | Crypt:3  | Killed a profane servitor
 37802 | Crypt:3  | Cast into level 5 of the Abyss (an ancient lich)
 37802 | Abyss:5  | Entered Level 5 of the Abyss
 37974 | Abyss:5  | Paralysed by accursed screaming for 1 turns
 38073 | Abyss:5  | Killed from afar by a hellion

Skill      XL: |  1  2  3  4  5  6  7  8  9 10 11 12 13 14 15 16 17 18 19 20 21 |
---------------+----------------------------------------------------------------+-----
Unarmed Combat | 1 2 3 4 6 7 9 11 12 14 15 16 17 18 | 18.9
Fighting       | 2 3 4 5 6 7 8 9 10 11 12 13 14 | 14.1
Invocations    | 2 4 5 6 8 11 13 | 13.0
Translocations | 1 2 3 |  3.4
Air Magic      | 1 2 |  2.1
Charms         | 1 2 |  2.0
Dodging        | 2 3 5 7 9 10 | 10.0
Poison Magic   | 1 2 |  2.2
Conjurations   | 2 |  2.1
Throwing       | 4 5 6 8 9 10 11 12 | 12.6
Shields        | 2 8 9 10 | 10.5
Spellcasting   | 1 3 |  3.0
Armour         | 3 9 10 | 10.0
Stealth        | 4 |  4.3
Hexes          | 1 4 |  4.0
Ice Magic      | 1 4 |  4.1

Action                   |  1- 3 |  4- 6 |  7- 9 | 10-12 | 13-15 | 16-18 | 19-21 || total
-------------------------+-------+-------+-------+-------+-------+-------+-------++-------
Melee: Unarmed           |   134 |   118 |   273 |   634 |  1445 |  1454 |  1608 ||  5666
       Punch             |       |     4 |     7 |    58 |       |       |       ||    69
Throw: Large rock        |       |     8 |    15 |    33 |    47 |    46 |     6 ||   155
       Throwing net      |       |     2 |       |     2 |       |     4 |     1 ||     9
       Javelin           |       |       |       |       |       |     1 |       ||     1
 Cast: Repel Missiles    |       |       |       |     4 |     5 |    17 |     2 ||    28
       Conjure Flame     |       |       |       |     2 |       |       |       ||     2
       Blink             |       |       |       |     1 |     4 |    12 |     3 ||    20
       Mephitic Cloud    |       |       |       |       |    10 |     2 |       ||    12
Invok: Slouch            |       |       |       |     3 |     2 |     9 |     4 ||    18
       Bend Time         |       |       |       |     1 |       |       |       ||     1
Evoke: Wand              |       |       |     2 |       |     4 |    10 |     3 ||    19
  Use: Scroll            |     1 |     5 |     8 |    19 |    19 |    12 |     6 ||    70
       Potion            |       |     2 |       |     7 |     4 |    12 |     4 ||    29
 Stab: Sleeping          |       |     2 |       |     5 |    11 |     1 |       ||    19
       Invisible         |       |       |       |     4 |     5 |       |       ||     9
       Distracted        |       |       |       |     1 |     2 |     1 |     1 ||     5
       Confused          |       |       |       |       |     2 |     2 |       ||     4
       Held in net/web   |       |       |       |       |       |     4 |       ||     4
  Eat: Chunk             |    16 |    11 |    33 |    43 |    79 |    45 |    25 ||   252
       Royal jelly       |       |       |     1 |       |     1 |     1 |     1 ||     4
       Fruit             |       |       |       |       |       |     6 |       ||     6
       Beef jerky        |       |       |       |       |       |     4 |     4 ||     8
       Pizza             |       |       |       |       |       |       |     7 ||     7
Armor: Robe              |    53 |    32 |    70 |   254 |   118 |       |       ||   527
       Pearl dragon armo |       |       |       |       |   196 |   240 |   245 ||   681
Dodge: Dodged            |    72 |    56 |   114 |   477 |   776 |   808 |   705 ||  3008
       Deflected         |       |       |       |     8 |    32 |    65 |    11 ||   116
Block: Shield            |       |       |       |    13 |  1175 |  1654 |  1468 ||  4310
       Reflection        |       |       |       |       |    12 |   216 |    45 ||   273
